 Dungeon Crawl Stone Soup version 0.19.0-9-gfd783f2 (webtiles) character file.

86 esc the Grave Robber (level 4, -6/33 HPs)
             Began as a Demonspawn Necromancer on Nov 7, 2016.
             Mangled by a mummy (17 damage)
             ... in an ossuary.
             The game lasted 00:09:30 (2497 turns).

esc the Grave Robber (Demonspawn Necromancer)       Turns: 2497, Time: 00:09:31

Health: -6/33      AC:  3    Str: 14    XL:     4   Next: 27%
Magic:  7/7        EV: 13    Int: 17    God:
Gold:   71         SH:  0    Dex: 13    Spells: 3 memorised, 2 levels left

rFire  . . .     SeeInvis .     u - +0 flail
rCold  + . .     Gourm    .     a - +0 robe
rNeg   . . .     Faith    .     (no shield)
rPois  .         Spirit   .     (helmet restricted)
rElec  .         Reflect  .     (no cloak)
rCorr  .         Harm     .     s - +0 pair of gloves
MR     .....                    (no boots)
Stlth  ++........               p - amulet of magic regeneration
                                q - +5 ring of strength
                                e - ring of protection from cold {rC+, !d}

@: no status effects
A: horns 1, rot immunity
a: no special abilities


You were in an ossuary.
You were not hungry.

You visited 1 branch of the dungeon, and saw 4 of its levels.
You also visited: Ossuary.

You collected 71 gold pieces.

Inventory:

Hand Weapons
 i - a +0 club
   (You took it off a hobgoblin on level 1 of the Dungeon)
 u - a +0 flail (weapon)
   (You took it off an orc on level 3 of the Dungeon)
Missiles
 d - 3 needles of sleeping
 j - 81 stones (quivered)
Armour
 a - a +0 robe (worn)
 s - a +0 pair of gloves (worn)
   (You found it on level 3 of the Dungeon)
Jewellery
 e - a ring of protection from cold (left hand) {rC+, !d}
   (You found it on level 1 of the Dungeon)
 p - an amulet of magic regeneration (around neck)
   (You found it on level 3 of the Dungeon)
 q - a +5 ring of strength (right hand)
   (You found it on level 3 of the Dungeon)
 r - an uncursed ring of flight {+Fly, !d}
   (You found it on level 3 of the Dungeon)
Scrolls
 t - a scroll of amnesia {unknown}
 y - a scroll of identify {unknown}
Potions
 f - a potion of haste {unknown}
 k - a potion of lignification {unknown}
 l - a potion of beneficial mutation {unknown}
 m - a potion of mutation {unknown}
 o - 2 potions of might {unknown}
 w - a potion of invisibility {unknown}
 x - a potion of magic {unknown}
Books
 b - a book of Necromancy
Comestibles
 c - 2 bread rations {@e1}
 g - 2 meat rations {@e2}
 h - a slice of pizza
 n - a royal jelly
 v - 3 chunks of flesh {@w0}


   Skills:
 + Level 2.0 Fighting
 + Level 1.0 Maces & Flails
 + Level 2.4 Dodging
 - Level 1.7 Stealth
 + Level 2.4 Spellcasting
 + Level 4.8 Necromancy


You had 2 spell levels left.
You knew the following spells:

 Your Spells              Type           Power        Failure   Level  Hunger
a - Pain                  Necr           ###.         2%          1    #......
r - Regeneration          Chrm/Necr      ##........   21%         3    ###....
A - Animate Skeleton      Necr           N/A          2%          1    #......


Dungeon Overview and Level Annotations

Branches:
Dungeon (4/15)
 Temple: D:4-7

Altars:
Yredelemnul

Annotations:
D:2 Sigmund, Terence


Innate Abilities, Weirdness & Mutations

You have a pair of small horns on your head.
You are immune to rotting.


Message History

You attempt to give life to the dead...
Before your eyes, flesh is ripped from the corpse!
The dead are walking!
v - 6 chunks of flesh {@w0} (gained 3)
You now have 6/7 mp.
You start resting.
You hear the slow hiss of an avalanche of sand.
You regained 3 hp, and now have 16/33 hp.
MP restored: 7 You start resting.
You hear the slow hiss of an avalanche of sand.
You regained 5 hp, and now have 21/33 hp.
You start resting.
Eating one of 6 chunks of flesh {@w0}.
You start eating one of the 6 chunks of flesh {@w0}.
You are feeling hungry.
You regained 2 hp, and now have 23/33 hp.
Some of the chunks of flesh in your inventory have rotted away.
A rat zombie comes into view.
You hit the rat zombie. The rat zombie closely misses you.
You barely miss the rat zombie. The rat zombie closely misses you.
You sock the rat zombie!
You destroy the rat zombie!
A goblin zombie comes into view.
The helpless goblin zombie fails to defend itself.
You hit the goblin zombie. You headbutt the goblin zombie!
You destroy the goblin zombie!
There is a sand-covered staircase here.
The world spins around you as you enter the gateway.
You enter an ossuary!
Found a gate leading back out of this place.
There is an empty arch of ancient stone here.
You start resting.
A hobgoblin zombie comes into view.
An orc zombie comes into view.
There is a gate leading back out of this place here.
You hit the hobgoblin zombie but do no damage.
The hobgoblin zombie hits you but does no damage.
You hit the hobgoblin zombie. The hobgoblin zombie barely misses you.
You hit the hobgoblin zombie but do no damage.
You headbutt the hobgoblin zombie.
You destroy the hobgoblin zombie!
Memorise Regeneration, consuming 3 spell levels and leaving 2?
You start memorising the spell.
You continue memorising. x3
You finish memorising.
Spell assigned to 'r'.
A gnoll zombie comes into view.
Your skin crawls.
Your skin is crawling a little less now.
An orc zombie comes into view.
You now have 4/7 mp.
You sock the orc zombie! Your headbutt misses the orc zombie.
The orc zombie barely misses you.
Health restored: 33 You thump the orc zombie!
You destroy the orc zombie!
Your skin stops crawling.
You hit the gnoll zombie. The gnoll zombie hits you.
The gnoll zombie closely misses you.
You take 6 damage, and have 27/33 hp.
You hit the gnoll zombie. Your headbutt misses the gnoll zombie.
The gnoll zombie closely misses you.
You barely miss the gnoll zombie. The gnoll zombie hits you.
You take 2 damage, and have 25/33 hp.
You completely miss the gnoll zombie. The gnoll zombie misses you.
MP restored: 7 You barely miss the gnoll zombie.
You headbutt the gnoll zombie.
You destroy the gnoll zombie!
The orc zombie closely misses you.
You hit the orc zombie.
The orc zombie hits you but does no damage.
You hit the orc zombie. The orc zombie completely misses you.
You hit the orc zombie. You headbutt the orc zombie.
You destroy the orc zombie!
No target in view!
Your skin crawls.
You now have 4/7 mp.
Your skin is crawling a little less now.
You regained 2 hp, and now have 32/33 hp. 2 mummies and a zombie come into view.
Health restored: 33 Your skin stops crawling.
There is a gate leading back out of this place here.
MP restored: 7 You barely miss the big kobold zombie.
The big kobold zombie hits you.
Some of the chunks of flesh in your inventory have rotted away.
You take 2 damage, and have 31/33 hp.
You completely miss the big kobold zombie.
The big kobold zombie closely misses you.
You barely miss the big kobold zombie. The big kobold zombie misses you.
You hit the big kobold zombie. The big kobold zombie hits you.
You take 4 damage, and have 27/33 hp.
You completely miss the big kobold zombie.
Your headbutt misses the big kobold zombie.
The big kobold zombie hits you. The mummy hits you!
You take 16 damage, and have 11/33 hp.
MASSIVE DAMAGE!!
The big kobold zombie barely misses you.
The mummy hits you!
Ouch! That really hurt!
You die...

#....#
#....#
#....#
#....#
#....#
#....#
#....#
#.ZM.#
#.@∩.#
######


You could see a mummy and a big kobold zombie.

Vanquished Creatures
  An iguana (D:4)
  A dart slug (D:1)
  A leopard gecko (D:3)
  4 orcs (D:3)
  6 bats
  3 giant cockroaches
  6 goblins
  5 hobgoblins
  A jackal (D:2)
  2 frilled lizards (D:1)
  A gnoll zombie (Ossuary)
  A goblin zombie (D:4)
  A hobgoblin zombie (Ossuary)
  A kobold (D:2)
  2 orc zombies (Ossuary)
  8 rats
  A rat zombie (D:4)
  A spectral orc (D:2)
46 creatures vanquished.

Vanquished Creatures (collateral kills)
  A giant cockroach (D:3)
  A goblin (D:1)
  A hobgoblin (D:1)
  A jackal (D:2)
  2 kobolds
  A bat (D:2)
  2 frilled lizards (D:1)
9 creatures vanquished.

Vanquished Creatures (others)
  13 toadstools (D:3)
13 creatures vanquished.

Grand Total: 68 creatures vanquished

Notes
Turn   | Place    | Note
-------+----------+-------------------------------------------
     0 | D:1      | esc the Demonspawn Necromancer began the quest for the Orb.
     0 | D:1      | Reached XP level 1. HP: 13/13 MP: 3/3
    92 | D:1      | Learned a level 1 spell: Animate Skeleton
   520 | D:1      | Gained mutation: You have a pair of small horns on your head. [demonic ancestry]
   520 | D:1      | Reached XP level 2. HP: 10/20 MP: 5/5
   703 | D:1      | Reached skill level 1 in Fighting
   871 | D:1      | Reached skill level 2 in Dodging
  1288 | D:2      | Reached XP level 3. HP: 23/26 MP: 6/6
  1462 | D:2      | Noticed Sigmund
  1470 | D:2      | Noticed Terence
  1604 | D:3      | Noticed a phantom
  1657 | D:2      | HP: 6/26 [goblin (3)]
  1868 | D:2      | Found a basalt altar of Yredelemnul.
  2310 | D:4      | Found a sand-covered staircase.
  2328 | D:4      | Reached skill level 2 in Fighting
  2328 | D:4      | Reached skill level 1 in Maces & Flails
  2328 | D:4      | Gained mutation: You are immune to rotting. [demonic ancestry]
  2328 | D:4      | Reached XP level 4. HP: 13/33 MP: 7/7
  2433 | Ossuary  | Entered an ossuary
  2457 | Ossuary  | Learned a level 3 spell: Regeneration
  2497 | Ossuary  | Mangled by a mummy

Skill      XL: |  1  2  3 |
---------------+----------+-----
Fighting       | 1 2 |  2.0
Dodging        | 2 |  2.4
Maces & Flails | 1 |  1.0
Stealth        | |  1.7
Spellcasting   | |  2.4
Necromancy     | |  4.8

Action                   |  1- 3 |  4- 6 || total
-------------------------+-------+-------++-------
Melee: Unarmed           |    66 |       ||    66
       Club              |   104 |       ||   104
       Headbutt          |    17 |     4 ||    21
       Flail             |    34 |    22 ||    56
 Cast: Animate Skeleton  |    21 |     1 ||    22
       Regeneration      |       |     2 ||     2
 Stab: Sleeping          |     2 |     1 ||     3
  Eat: Chunk             |     5 |     1 ||     6
Armor: Robe              |    71 |     2 ||    73
Dodge: Dodged            |   180 |    12 ||   192

Vault maps used:
D:1:      tarquinn_simple_flora_water_a
D:2:      yredelemnul_forgotten_temple_becter, marbit_many_paths, uniq_terence,
          uniq_sigmund, uniq_natasha
D:3:      tgw_fedhas, first_bread, gup_sewer_entry_spiral
D:4:      makhleb_blood_cavern_becter, serial_shops,
          nicolae_shop_window_shopping, enter_ossuary_4
Ossuary:  ossuary_tomb_3

Table legend:
 A = Turns spent in this place as a percentage of turns spent in the entire game.
 B = Non-inter-level travel turns spent in this place as a percentage of non-inter-level travel turns spent in the entire game.
 C = Inter-level travel turns spent in this place as a percentage of turns spent in this place.
 D = Turns resting spent in this place as a percentage of non-inter-level travel turns spent in this place.
 E = Turns spent auto-exploring this place as a percentage of non-inter-level travel turns spent in this place.
 F = Non-inter-level travel turns spent in this place divided by the number of levels of this place that you've seen.
                   A       B       C       D       E      F
               +-------+-------+-------+-------+-------+----------------------
         Total | 100.0 | 100.0 |   0.1 |   3.2 |   6.1 | 170.2
       Dungeon |  93.4 |  93.4 |   0.1 |   3.1 |   6.5 | 198.8
       Ossuary |   6.6 |   6.6 |   0.0 |   3.6 |   0.0 |  56.0
               +-------+-------+-------+-------+-------+----------------------

Table legend:
 A = Kills in this place as a percentage of kills in entire the game.
 B = Kills by you in this place as a percentage of kills by you in the entire game.
 C = Kills by friends in this place as a percentage of kills by friends in the entire game.
 D = Other kills in this place as a percentage of other kills in the entire game.
 E = Experience gained in this place as a percentage of experience gained in the entire game.
 F = Experience gained in this place divided by the number of levels of this place that you have seen.
                   A       B       C       D       E      F
               +-------+-------+-------+-------+-------+----------------------
         Total | 100.0 | 100.0 | 100.0 |  -nan | 100.0 |  24.8
       Dungeon |  92.7 |  91.3 | 100.0 |  -nan |  96.8 |  30.0
       Ossuary |   7.3 |   8.7 |   0.0 |  -nan |   3.2 |   4.0
               +-------+-------+-------+-------+-------+----------------------
